 Dungeon Crawl Stone Soup version 0.21.1-1-g345015f (webtiles) character file.

7072 Melicamp the Fighter (level 11, 0/84 (85) HPs)
             Began as a Barachi Wanderer on Apr 8, 2018.
             Was a Priest of Uskayaw.
             Slain by an orc warrior
             ... wielding a +0 glaive
              (13 damage)
             ... on level 11 of the Dungeon.
             The game lasted 01:02:12 (11500 turns).

Melicamp the Fighter (Barachi Wanderer)            Turns: 11500, Time: 01:02:13

HP:   0/84 (85)     AC: 24    Str: 21    XL:     11   Next: 9%
MP:   4/4           EV:  8    Int: 12    God:    Uskayaw [***...]
Gold: 879           SH:  5    Dex: 13    Spells: 10/10 levels left

rFire    . . .     SeeInvis .   y - +2 war axe (antimagic)
rCold    . . .     Gourm    .   f - +0 buckler
rNeg     . . .     Faith    .   a - +0 plate armour (curse)
rPois    .         Spirit   .   t - +1 helmet
rElec    .         Reflect  .   v - scarf {repulsion}
rCorr    .         Harm     .   E - +0 pair of gloves
MR       .....                  (no boots)
Stlth    ..........             (no amulet)
HPRegen  0.24/turn              K - +5 ring of strength
MPRegen  0.09/turn              w - +6 ring of protection

@: repel missiles, slow
A: +LOS, swims, reduced essence, slowness 1, strong legs 1
a: Hop, Stomp, Line Pass, Renounce Religion


You were on level 11 of the Dungeon.
You worshipped Uskayaw.
Uskayaw was noncommittal.
You were not hungry.

You visited 1 branch of the dungeon, and saw 11 of its levels.
You also visited: Sewer and Bailey.

You collected 879 gold pieces.

Inventory:

Hand Weapons
 h - a +4 great mace
   (You found it on level 9 of the Dungeon)
 y - a +2 antimagic war axe (weapon)
   (You took it off an orc on level 5 of the Dungeon)
Missiles
 b - 458 stones
 q - 155 arrows
 H - 32 tomahawks of returning (quivered)
Armour
 a - a cursed +0 plate armour (worn)
   (You found it on level 6 of the Dungeon)
 f - a +0 buckler (worn)
   (You found it on level 1 of the Dungeon)
 t - a +1 helmet (worn)
   (You found it on level 3 of the Dungeon)
 v - a scarf of repulsion (worn)
   (You found it on level 10 of the Dungeon)
 E - a +0 pair of gloves (worn)
   (You found it on level 6 of the Dungeon)
Jewellery
 w - a +6 ring of protection (right hand)
   (You found it on level 4 of the Dungeon)
 K - a +5 ring of strength (left hand)
   (You found it on level 8 of the Dungeon)
Wands
 r - a wand of flame (20)
   (You took it off Natasha on level 2 of the Dungeon)
 F - a wand of paralysis (11)
   (You took it off Joseph on level 8 of the Dungeon)
 G - a wand of polymorph (24)
   (You took it off a hobgoblin in a bailey)
Scrolls
 c - 5 scrolls of teleportation
 i - 5 scrolls of remove curse
 j - a scroll of enchant armour
 n - 2 scrolls of enchant weapon
 o - 5 scrolls of immolation
 u - 6 scrolls of fog
 z - 4 scrolls of fear
Potions
 e - a potion of lignification
 g - 5 potions of flight
 k - a potion of haste
 l - 8 potions of curing
 m - a potion of resistance
 p - 5 potions of mutation
 s - a potion of cancellation
 A - 4 potions of might
 B - 2 potions of brilliance
 C - 4 potions of agility
 J - a potion of invisibility {unknown}
Books
 x - a book of Frost
   (You found it on level 4 of the Dungeon)
 I - a book of Cantrips
   (You found it on level 8 of the Dungeon)
Comestibles
 d - 16 rations


   Skills:
 * Level 12.1 Fighting
 + Level 9.0(9.4) Axes
   Level 3.6(6.4) Polearms
 - Level 10.2 Armour
 - Level 3.0 Dodging
 - Level 4.9 Shields
 - Level 5.1 Invocations
 - Level 2.1 Evocations


You had 10 spell levels left.
You didn't know any spells.

Dungeon Overview and Level Annotations

Branches:
Dungeon (11/15)            Temple (0/1) D:6            Lair (0/6) D:8
    Orc: D:9-12

Altars:
Elyvilon
Hepliaklqana
Makhleb
Nemelex Xobeh
Okawaru
Qazlal
Sif Muna
Trog
Uskayaw
The Shining One

Shops:
D:6 [

Portals:
Trove: D:10 (give +2 storm dragon scales)


Innate Abilities, Weirdness & Mutations

Shadows flee at your approach. (+LOS)
You can swim through water.
You cover ground slowly.
You can hop short distances.
Your life essence is reduced to manifest your ancestor. (-10% HP)


Message History

The iguana is severely wounded.
The iguana barely misses you.
You hit the iguana.
The iguana is almost dead.
The iguana bites you!
You slice the iguana!!
You kill the iguana!
You can now pass through a line of other dancers.
No target in view!
You start resting.
You can no longer pass through a line of other dancers.
HP restored.
A hungry ghost comes into view.
Found a scroll of teleportation and a ration.
You hit the hungry ghost.
The hungry ghost is lightly damaged.
The hungry ghost hits you.
You feel a lot more hungry.
An orc comes into view. It is wielding a short sword.
The orc shouts!
You slice the hungry ghost!!
The hungry ghost is heavily damaged.
You block the hungry ghost's attack.
You slice the hungry ghost!!
You destroy the hungry ghost!
You can now pass through a line of other dancers.
Found 13 stones.
A scorpion comes into view.
An orc comes into view. It is wielding a club.
The orc shouts!
You can no longer pass through a line of other dancers.
An orc warrior comes into view. It is wielding a glaive.
The orc warrior shouts!
You slash the orc!
You kill the orc!
You can now pass through a line of other dancers.
An orc comes into view. It is wielding a club.
Things that are here:
a short sword; a leather armour An orc comes into view.
It is wielding a whip.
The orc shouts!
You hear a shout!
The scorpion stings you but does no damage.
You can no longer pass through a line of other dancers.
Things that are here:
a short sword; a leather armour You hit the scorpion.
The scorpion is lightly wounded.
You closely miss the orc. The scorpion barely misses you.
The orc closely misses you.
You can now pass through a line of other dancers.
Your plate armour prevents you from hitting the scorpion.
The scorpion is lightly wounded.
You slash the orc!
You kill the orc!
The orc warrior hits you from afar with a glaive!
You block the scorpion's attack.
You hit the scorpion.
The scorpion is moderately wounded.
The scorpion stings you but does no damage.
The orc warrior hits you from afar with a glaive!
You slash the scorpion!
The scorpion is almost dead.
You hit the orc. You block the orc's attack.
The scorpion stings you but does no damage.
The orc warrior hits you but does no damage.
You hit the scorpion.
You kill the scorpion!
You barely miss the orc. The orc hits you but does no damage.
The orc warrior hits you from afar with a glaive!!
You closely miss the orc. You hit the orc but do no damage.
The orc closely misses you. The orc hits you but does no damage.
You slash the orc!
You kill the orc!
You hit the orc.
The orc warrior hits you from afar with a glaive!
The orc hits you with a club.
Uskayaw will force your foes to helplessly watch your dance.
Uskayaw prepares the audience for your solo!
The orc warrior is no longer paralysed.
The orc is no longer paralysed.
You block the orc warrior's attack. The orc barely misses you.
Items here: ) [ †† a whip; a leather armour; an orc corpse; a scorpion corpse You slash the orc warrior!
The orc warrior is moderately wounded.
You barely miss the orc. The orc barely misses you.
The orc warrior closely misses you.
You hit the orc warrior.
The orc warrior is moderately wounded.
You hit the orc.
You kill the orc!
The orc warrior hits you with a glaive.
You closely miss the orc warrior.
The orc warrior is moderately wounded.
The orc warrior hits you with a glaive!!
* * * LOW HITPOINT WARNING * * *
You hit the orc warrior but do no damage.
The orc warrior is moderately wounded.
You hit the orc warrior but do no damage.
The orc warrior is moderately wounded.
The orc warrior hits you with a glaive!
You die...

#(########
..........
#.......# #.......#
#.......# #.......#
#%.....#
#.....)###########
#....o@).........#
....#######.#######
#.# #.# #.# #.# #.#
#.#
##########.########


You could see an orc warrior.

Vanquished Creatures
  3 two-headed ogres
  Joseph (D:8)
  A gargoyle (D:9)
  A guardian mummy (D:10)
  A queen bee (D:8)
  Prince Ribbit (D:5)
  2 hippogriffs
  Grinder (D:5)
  A hornet (D:8)
  A shadow (D:11)
  8 yaks (D:9)
  2 hungry ghosts
  4 orc warriors
  3 ice beasts
  3 phantoms
  2 eyes of draining
  3 ogres
  4 centaurs
  A big kobold (D:10)
  A bullfrog (D:10)
  A gnoll sergeant (D:8)
  2 scorpions
  A water moccasin skeleton (D:5)
  A wyvern skeleton (D:7)
  16 killer bees (D:8)
  2 howler monkeys (D:8)
  A bullfrog zombie (D:8)
  A quasit (D:8)
  3 hounds
  A jelly (D:8)
  2 orc priests
  2 centaur skeletons
  4 iguanas
  4 orc wizards
  8 worker ants
  Natasha (thrice) (D:2)
  A killer bee zombie (D:10)
  A hound zombie (D:7)
  The ghost of Tiareth the Charmwright, a weakling DESk (D:3)
  A howler monkey zombie (D:5)
  11 adders
  12 gnolls
  6 river rats (Sewer)
  2 shadow imps
  An ooze (D:3)
  An adder zombie (D:9)
  4 worms
  A dart slug (D:2)
  5 leopard geckos
  24 orcs
  4 ball pythons (Sewer)
  6 bats
  7 giant cockroaches
  9 goblins
  7 hobgoblins
  13 jackals
  32 kobolds
  A quokka (D:4)
  4 frilled lizards
  16 rats
266 creatures vanquished.

Vanquished Creatures (collateral kills)
  A troll (D:10)
  A hungry ghost (D:8)
  An ice beast (D:8)
  An eye of draining (D:5)
  An orc warrior (D:6)
  An ogre (D:6)
  A big kobold (Sewer)
  3 killer bees (D:8)
  2 howler monkeys
  A bullfrog zombie (D:6)
  2 jellies
  An orc priest (D:6)
  A hound (D:8)
  2 worker ants
  An iguana (D:4)
  An orc wizard (D:6)
  A howler monkey zombie (D:8)
  A worker ant zombie (D:6)
  7 gnolls
  3 adders
  3 river rats (Sewer)
  4 orcs
  2 ball pythons (Sewer)
  A goblin (D:5)
  2 jackals (D:6)
  8 kobolds (Sewer)
  5 rats (Sewer)
58 creatures vanquished.

Vanquished Creatures (others)
  6 hexers
6 creatures vanquished.

Grand Total: 330 creatures vanquished

Notes
Turn   | Place    | Note
-------+----------+-------------------------------------------
     0 | D:1      | Melicamp the Barachi Wanderer began the quest for the Orb.
     0 | D:1      | Melicamp set off with: a +2 spear, a +0 ring mail, a scroll of teleportation, a ration
     0 | D:1      | Reached XP level 1. HP: 15/15 MP: 2/2
   115 | D:1      | Reached skill level 2 in Fighting
   115 | D:1      | Reached XP level 2. HP: 21/22 MP: 3/3
   167 | D:1      | Reached skill level 1 in Shields
   216 | D:1      | Reached skill level 1 in Polearms
   241 | D:1      | Reached XP level 3. HP: 28/28 MP: 4/4
   716 | D:2      | Reached skill level 3 in Fighting
   814 | D:2      | Noticed Natasha
   824 | D:2      | Killed Natasha
   824 | D:2      | Reached XP level 4. HP: 24/35 MP: 5/5
  1297 | D:2      | Reached skill level 2 in Shields
  1420 | D:2      | Noticed Natasha
  1432 | D:2      | Reached skill level 4 in Fighting
  1432 | D:2      | Reached skill level 2 in Polearms
  1444 | D:2      | Killed Natasha
  1444 | D:2      | Reached XP level 5. HP: 21/42 MP: 6/6
  1746 | D:2      | Noticed Natasha
  1761 | D:2      | HP: 9/42 [Natasha/wand of flame (21) (13)]
  1764 | D:2      | Killed Natasha
  2198 | D:3      | Noticed Tiareth's ghost (weakling DESk)
  2224 | D:3      | Killed Tiareth's ghost
  2401 | D:3      | Found a stormy altar of Qazlal.
  2448 | D:3      | Found a faded altar of an unknown god.
  2478 | D:3      | Became a worshipper of Hepliaklqana the Forgotten
  2478 | D:3      | Reached * piety under Hepliaklqana
  2611 | D:4      | Reached skill level 5 in Fighting
  2611 | D:4      | Reached XP level 6. HP: 45/45 MP: 7/7
  2733 | D:4      | Reached skill level 3 in Shields
  3200 | D:4      | Found a burning altar of Makhleb.
  3257 | D:4      | Reached skill level 3 in Polearms
  3321 | D:4      | Found a glowing golden altar of the Shining One.
  3720 | D:4      | Reached skill level 6 in Fighting
  3720 | D:4      | Reached XP level 7. HP: 40/52 MP: 8/8
  3799 | D:4      | Reached ** piety under Hepliaklqana
  3800 | D:4      | Remembered your ancestor Niggersplatter as a hexer
  3928 | D:5      | Entered Level 5 of the Dungeon
  3979 | D:5      | Found a bloodstained altar of Trog.
  4038 | D:5      | Reached skill level 7 in Fighting
  4038 | D:5      | Reached skill level 4 in Shields
  4152 | D:5      | Noticed Prince Ribbit
  4153 | D:5      | Found a glowing drain.
  4163 | D:5      | HP: 12/54 [Prince Ribbit (14)]
  4169 | D:5      | Killed Prince Ribbit
  4169 | D:5      | Reached skill level 8 in Fighting
  4169 | D:5      | Reached XP level 8. HP: 42/61 MP: 9/9
  4266 | Sewer    | Entered a sewer
  4969 | D:5      | Noticed Grinder
  4994 | D:5      | Paralysed by Grinder for 6 turns
  5005 | D:5      | Paralysed by Grinder for 6 turns
  5015 | D:5      | Killed Grinder
  5015 | D:5      | Reached skill level 9 in Fighting
  5015 | D:5      | Reached skill level 9 in Armour
  5192 | D:5      | Reached skill level 1 in Axes
  5674 | D:6      | Found an iron altar of Okawaru.
  5716 | D:6      | Reached *** piety under Hepliaklqana
  5755 | D:6      | Found Rumom's Antique Armour Shoppe.
  5787 | D:6      | Reached skill level 10 in Fighting
  5787 | D:6      | Reached skill level 2 in Axes
  5871 | D:6      | Reached skill level 3 in Axes
  5871 | D:6      | Reached skill level 1 in Dodging
  5871 | D:6      | Reached XP level 9. HP: 69/70 MP: 3/10
  5982 | D:6      | Reached skill level 4 in Axes
  5982 | D:6      | Reached skill level 2 in Dodging
  6099 | D:6      | Found a white marble altar of Elyvilon.
  6364 | D:6      | Found a staircase to the Ecumenical Temple.
  6506 | D:6      | Found a stormy altar of Qazlal.
  6777 | D:7      | Reached skill level 5 in Axes
  6777 | D:7      | Reached skill level 3 in Dodging
  7211 | D:7      | Reached **** piety under Hepliaklqana
  7347 | D:7      | Found a sparkling altar of Nemelex Xobeh.
  7364 | D:7      | Reached skill level 6 in Axes
  7617 | D:8      | Found a staircase to the Lair.
  7652 | D:8      | Found a deep blue altar of Sif Muna.
  7704 | D:8      | Noticed a two-headed ogre
  7706 | D:8      | Noticed a hornet
  7712 | D:8      | Killed a two-headed ogre
  7712 | D:8      | Reached skill level 7 in Axes
  7712 | D:8      | Reached skill level 10 in Armour
  7712 | D:8      | Reached XP level 10. HP: 42/76 MP: 3/11
  7715 | D:8      | Paralysed by a hornet for 3 turns
  7719 | D:8      | HP: 18/76 [hornet (9)]
  7719 | D:8      | HP: 8/76 [hornet (3)]
  7721 | D:8      | Paralysed by a hornet for 1 turns
  7722 | D:8      | Reached skill level 8 in Axes
  8005 | D:8      | Found a flagged portal.
  8024 | Bailey   | Entered a bailey
  8099 | Bailey   | Reached skill level 1 in Invocations
  8182 | Bailey   | Found a burning altar of Makhleb.
  8325 | D:8      | Reached skill level 2 in Invocations
  8645 | D:8      | Noticed Joseph
  8650 | D:8      | Paralysed by Joseph for 5 turns
  8657 | D:8      | Paralysed by Joseph for 6 turns
  8666 | D:8      | Paralysed by Joseph for 6 turns
  8674 | D:8      | Killed Joseph
  8674 | D:8      | Reached skill level 3 in Invocations
  8740 | D:8      | Reached skill level 4 in Invocations
  8773 | D:8      | Noticed a two-headed ogre
  8780 | D:8      | Killed a two-headed ogre
  9287 | D:8      | Reached skill level 11 in Fighting
  9324 | D:8      | HP: 26/118 [killer bee (6)]
  9341 | D:8      | HP: 18/79 [killer bee (4)]
  9346 | D:8      | HP: 19/79 [poisoned by a killer bee]
  9390 | D:8      | Reached XP level 11. HP: 53/85 MP: 4/14
  9755 | D:8      | Reached skill level 5 in Invocations
  9986 | D:9      | Found a hide-covered altar of Uskayaw.
 10017 | D:9      | Reached skill level 12 in Fighting
 10017 | D:9      | Reached skill level 9 in Axes
 10038 | D:9      | Fell from the grace of Hepliaklqana
 10038 | D:9      | Became a worshipper of Uskayaw the Reveler
 10062 | D:9      | Reached * piety under Uskayaw
 10074 | D:9      | Reached ** piety under Uskayaw
 10127 | D:9      | Reached *** piety under Uskayaw
 10231 | D:9      | Noticed a two-headed ogre
 10247 | D:9      | Killed a two-headed ogre
 10359 | D:9      | Reached **** piety under Uskayaw
 10364 | D:9      | Reached ***** piety under Uskayaw
 10573 | D:10     | Entered Level 10 of the Dungeon
 10947 | D:10     | Found a portal to a secret trove of treasure.
 11498 | D:11     | HP: 12/84 [orc warrior/glaive (18)]
 11500 | D:11     | Slain by an orc warrior

Skill      XL: |  1  2  3  4  5  6  7  8  9 10 11 |
---------------+----------------------------------+-----
Fighting       | 2 3 4 5 6 8 10 11 12 | 12.1
Shields        | 1 2 3 4 |  4.9
Polearms       | 1 2 3 |  3.6
Armour         | 9 10 | 10.2
Axes           | 3 7 8 9 |  9.0
Dodging        | 1 3 |  3.0
Invocations    | 4 5 |  5.1
Evocations     | |  2.1

Action                   |  1- 3 |  4- 6 |  7- 9 | 10-12 || total
-------------------------+-------+-------+-------+-------++-------
Melee: Spear             |   124 |   292 |   199 |       ||   615
       War axe           |       |       |   174 |   422 ||   596
Throw: Stone             |       |       |     2 |       ||     2
       Tomahawk          |       |       |       |    28 ||    28
Invok: Ancestor Identity |       |     1 |     3 |       ||     4
       Ancestor Life: He |       |       |     1 |       ||     1
       Stomp             |       |       |       |     1 ||     1
 Abil: Hop               |       |     2 |     1 |     3 ||     6
  Use: Scroll            |     6 |     7 |     8 |     8 ||    29
       Potion            |       |       |     2 |    10 ||    12
 Stab: Distracted        |       |     1 |     1 |     3 ||     5
       Confused          |       |       |     5 |     1 ||     6
       Paralysed         |       |       |       |     9 ||     9
  Eat: Chunk             |       |    11 |     8 |    13 ||    32
       Ration            |       |       |     2 |     3 ||     5
Armor: Ring mail         |    44 |       |       |       ||    44
       Chain mail        |    10 |   174 |   116 |       ||   300
       Plate armour      |       |       |    64 |   294 ||   358
       Skin              |       |       |       |    73 ||    73
Dodge: Dodged            |    45 |    78 |   122 |   162 ||   407
Block: Buckler           |       |       |    46 |    99 ||   145

Vault maps used:
D:1:      kennysheep_arrival_forest
D:2:      minmay_misc_feat_rows, minmay_tromino_v2, uniq_natasha
D:3:      overflow_temple_1_default, chequers_ecumenical_altar_simple_redux
D:4:      lightli_temple_of_fire, tso_metal_star, serial_glass, glass_columns_b,
          glass_columns_a
D:5:      cheibrodos_sewer_entry_bend, first_ration, trog_eyes_of_draining,
          uniq_grinder, uniq_prince_ribbit1
D:6:      lemuel_round_altar, okawaru_altar_gauntlet_db,
          minmay_temple_entry_statues_pillars, serial_shops, shop,
          grunt_qazlal_clouds
D:7:      lemuel_crystal_altar, columned_hall_lemuel
D:8:      lair_entry_dummy, basic_altar, enter_bailey_7, david_nohive_1,
          grunt_decor_cap, uniq_joseph
D:9:      overflow_temple_1_default
D:10:     serial_glass, glass_columns_b, glass_columns_a,
          nicolae_trove_entry_path_of_doom
D:11:     david_orc_2, uniq_harold, uniq_maurice
Sewer:    sewer_minmay_treatment
Bailey:   bailey_axe_3, bailey

Table legend:
 A = Turns spent in this place as a percentage of turns spent in the entire game.
 B = Non-inter-level travel turns spent in this place as a percentage of non-inter-level travel turns spent in the entire game.
 C = Inter-level travel turns spent in this place as a percentage of turns spent in this place.
 D = Turns resting spent in this place as a percentage of non-inter-level travel turns spent in this place.
 E = Turns spent auto-exploring this place as a percentage of non-inter-level travel turns spent in this place.
 F = Non-inter-level travel turns spent in this place divided by the number of levels of this place that you've seen.
                   A       B       C       D       E      F
               +-------+-------+-------+-------+-------+----------------------
         Total | 100.0 | 100.0 |   2.7 |  27.9 |  45.0 | 861.2
       Dungeon |  92.5 |  92.3 |   2.9 |  29.5 |  45.9 | 939.0
         Sewer |   5.1 |   5.3 |   0.0 |   7.4 |  44.1 | 592.0
        Bailey |   2.4 |   2.4 |   0.0 |  13.1 |  12.0 | 274.0
               +-------+-------+-------+-------+-------+----------------------

Table legend:
 A = Kills in this place as a percentage of kills in entire the game.
 B = Kills by you in this place as a percentage of kills by you in the entire game.
 C = Kills by friends in this place as a percentage of kills by friends in the entire game.
 D = Other kills in this place as a percentage of other kills in the entire game.
 E = Experience gained in this place as a percentage of experience gained in the entire game.
 F = Experience gained in this place divided by the number of levels of this place that you have seen.
                   A       B       C       D       E      F
               +-------+-------+-------+-------+-------+----------------------
         Total | 100.0 | 100.0 | 100.0 | 100.0 | 100.0 | 777.2
       Dungeon |  80.2 |  83.8 |  65.5 |   0.0 |  92.8 | 852.5
         Sewer |  14.8 |  10.6 |  34.5 |   0.0 |   2.8 | 285.0
        Bailey |   4.9 |   5.7 |   0.0 | 100.0 |   4.4 | 442.0
               +-------+-------+-------+-------+-------+----------------------
